 Dungeon Crawl Stone Soup version 0.21.1-1-g345015f (webtiles) character file.

162 prawnwizard the Sneak (level 5, -1/24 HPs)
             Began as a Spriggan Enchanter on June 27, 2018.
             Slain by a shadow imp (6 damage)
             ... summoned by Natasha
             ... on level 2 of the Dungeon.
             The game lasted 00:09:07 (2760 turns).

prawnwizard the Sneak (Spriggan Enchanter)          Turns: 2760, Time: 00:09:08

Health: -1/24      AC:  2    Str:  4    XL:     5   Next: 19%
Magic:  11/11      EV: 19    Int: 16    God:
Gold:   144        SH:  0    Dex: 18    Spells: 7/10 levels left

rFire    . . .     SeeInvis +   a - +1 dagger
rCold    . . .     Gourm    .   (shield restricted)
rNeg     . . .     Faith    .   b - +0 robe
rPois    .         Spirit   .   (helmet restricted)
rElec    .         Reflect  .   (no cloak)
rCorr    .         Harm     .   (gloves unavailable)
MR       .....                  (boots unavailable)
Stlth    ++++......             (no amulet)
HPRegen  0.08/turn              (no ring)
MPRegen  0.12/turn              (no ring)

@: slowed, quick
A: very small, unfitting armour, see invisible, herbivore, speed 3, slow
metabolism 2
a: no special abilities


You were on level 2 of the Dungeon.
You were hungry.

You visited 1 branch of the dungeon, and saw 2 of its levels.

You collected 144 gold pieces.

Inventory:

Hand Weapons
 a - a +1 dagger (weapon)
Armour
 b - a +0 robe (worn)
 i - a scarf of cloud immunity
Jewellery
 h - an uncursed amulet of magic regeneration {unknown}
Scrolls
 e - 2 scrolls of identify {unknown}
 g - 4 scrolls of teleportation {unknown}
 j - a scroll of enchant armour {unknown}
Potions
 f - 3 potions of curing {unknown}
Books
 c - a book of Maledictions

   Spells                             Type                      Level
   a - Corona                         Hexes                        1
   b - Ensorcelled Hibernation        Hexes/Ice                    2
   c - Confuse                        Hexes                        3
   d - Tukima's Dance                 Hexes                        3
   e - Dazzling Spray                 Conjuration/Hexes            3
Comestibles
 d - 5 rations


   Skills:
 + Level 1.8 Short Blades
 + Level 3.4 Dodging
 * Level 7.1 Stealth
 + Level 3.3 Spellcasting
 + Level 4.5 Hexes
 + Level 0.6 Ice Magic


You had 7 spell levels left.
You knew the following spells:

 Your Spells              Type           Power        Failure   Level  Hunger
a - Corona                Hex            ###....      2%          1    None
b - Ensorcelled Hibernat  Hex/Ice        ##....       10%         2    ##.....


Dungeon Overview and Level Annotations

Branches:
Dungeon (2/15)

Altars:
Okawaru
Xom

Annotations:
D:2 Natasha


Innate Abilities, Weirdness & Mutations

You are very small and have problems with some larger weapons.
You are too small for most types of armour.
You have supernaturally acute eyesight. (SInv)
You are a herbivore.
You cover ground extremely quickly.
You need consume almost no food.


Message History

Natasha casts a spell at you.
You feel yourself slow down. The shadow imp completely misses you.
You barely miss Natasha.
Natasha is moderately wounded.
You are feeling hungry.
Natasha misses you. The shadow imp hits you. Natasha barely misses you.
You hit Natasha.
Natasha is moderately wounded.
The shadow imp misses you. Natasha misses you. The shadow imp gestures at you.
Pain shoots through your body!
You hit Natasha but do no damage.
Natasha is moderately wounded.
Natasha completely misses you. The shadow imp completely misses you.
You hit Natasha but do no damage.
Natasha is moderately wounded.
Natasha zaps a wand.
The puff of flame hits you!
* * * LOW HITPOINT WARNING * * *
The shadow imp hits you.
You die...

#.....###.......#
#...............#
###.######.###..# #.#
#.# #..# #.# #.# #..#
##'## #.# #..#
##...## #.###..#
##.....## #...h5.#
##.......######@.##
##.........####...###
.+.........'........#
##........>##.#...#.#
##.......###.##..#.#
##.....## #.##..#.#
##.).## #.##.##.#
##'## #.##.##.# #.#
#.##..#.#


You could see Natasha and a shadow imp.

Vanquished Creatures
  Natasha (twice) (D:2)
  5 adders (D:2)
  A worm (D:2)
  4 dart slugs
  A leopard gecko (D:2)
  3 giant cockroaches
  9 goblins
  12 hobgoblins
  3 jackals (D:1)
  3 bats
  3 frilled lizards
  7 kobolds
  3 rats
56 creatures vanquished.

Notes
Turn   | Place    | Note
-------+----------+-------------------------------------------
     0 | D:1      | prawnwizard the Spriggan Enchanter began the quest for the Orb.
     0 | D:1      | Reached XP level 1. HP: 9/9 MP: 5/5
   544 | D:1      | Reached XP level 2. HP: 5/13 MP: 6/6
   792 | D:1      | Learned a level 2 spell: Ensorcelled Hibernation
   947 | D:1      | Found a glowing golden altar of the Shining One.
   949 | D:1      | Found a shimmering altar of Xom.
   949 | D:1      | Found a hazy altar of Hepliaklqana.
   951 | D:1      | Found a blossoming altar of Fedhas.
   951 | D:1      | Found a shadowy altar of Dithmenos.
   951 | D:1      | Found a radiant altar of Vehumet.
  1026 | D:1      | Reached skill level 5 in Stealth
  1260 | D:1      | Reached XP level 3. HP: 14/16 MP: 8/8
  1493 | D:2      | Reached skill level 6 in Stealth
  1626 | D:2      | Reached XP level 4. HP: 14/21 MP: 0/9
  2300 | D:2      | Found an iron altar of Okawaru.
  2319 | D:2      | Noticed Natasha
  2325 | D:2      | Killed Natasha
  2414 | D:2      | Noticed Natasha
  2415 | D:2      | Killed Natasha
  2415 | D:2      | Reached skill level 7 in Stealth
  2415 | D:2      | Reached XP level 5. HP: 24/24 MP: 11/11
  2739 | D:2      | Noticed Natasha
  2760 | D:2      | Slain by a shadow imp

Skill      XL: |  1  2  3  4 |
---------------+-------------+-----
Hexes          | 4 |  4.5
Spellcasting   | 3 |  3.3
Stealth        | 5 6 7 |  7.1
Short Blades   | |  1.8
Dodging        | |  3.4
Ice Magic      | |  0.6

Action                   |  1- 3 |  4- 6 || total
-------------------------+-------+-------++-------
Melee: Dagger            |    92 |    97 ||   189
 Cast: Ensorcelled Hiber |     9 |     6 ||    15
 Stab: Distracted        |     1 |     2 ||     3
       Sleeping          |    16 |     5 ||    21
Armor: Robe              |     5 |     4 ||     9
Dodge: Dodged            |    64 |    83 ||   147
